| TOP OF THE 1ST |
|
Bradenton Sox batting - Pitching for Port Lavaca Indians : RHP Steven Yenser
|
|
Pitching: RHP Steven Yenser
|
|
|
Batting: RHB Dave Coss
|
0-0: Ball 1-0: Fly out, F9 (Flyball, 9S, EV 86.9 MPH)
|
|
Batting: RHB Rene Gonzales
|
0-0: Ball 1-0: Swinging Strike 1-1: Fly out, F6 (Popup, 6, EV 67.5 MPH)
|
|
Batting: RHB Dennis Tiefenthaler
|
0-0: Swinging Strike 0-1: Ball 1-1: Swinging Strike 1-2: Foul Ball, location: 2F 1-2: Fly out, F8 (Line Drive, 8LD, EV 96.3 MPH)
|
| Top of the 1st over - 0 runs, 0 hits, 0 errors, 0 left on base; Bradenton 0 - Port Lavaca 0 |
| BOTTOM OF THE 1ST |
|
Port Lavaca Indians batting - Pitching for Bradenton Sox : RHP Mark Scheiwe
|
|
Pitching: RHP Mark Scheiwe
|
|
|
Batting: LHB William Tirado
|
0-0: Fly out, F8 (Flyball, 8LM, EV 81.9 MPH)
|
|
Batting: LHB Antonio Huerta
|
0-0: Foul Ball, location: 2F 0-1: Swinging Strike 0-2: Ball 1-2: Fly out, F8 (Flyball, 8LS, EV 88.8 MPH)
|
|
Batting: LHB Wally Joyner
|
0-0: Ball 1-0: Ball 2-0: Called Strike 2-1: Called Strike 2-2: Ground out 4-3 (Groundball, 34, EV 88.1 MPH)
|
| Bottom of the 1st over - 0 runs, 0 hits, 0 errors, 0 left on base; Bradenton 0 - Port Lavaca 0 |
| TOP OF THE 2ND |
|
Bradenton Sox batting - Pitching for Port Lavaca Indians : RHP Steven Yenser
|
|
Batting: RHB Dave Hoeksema
|
0-0: Ball 1-0: Ball 2-0: Ball 3-0: Called Strike 3-1: Reached on error, E5 (Groundball, 5S, EV 70.6 MPH)
|
|
Batting: SHB Thomas Colburn
|
0-0: Foul Ball, location: 2F 0-1: Ball 1-1: Ball 2-1: Foul Ball, location: 2F 2-2: DOUBLE (Line Drive, 8LD, EV 95.6 MPH) Dave Hoeksema to third
|
|
Batting: RHB Jerry Nalley
|
0-0: Ball 1-0: Ground out 6-3 (Groundball, 6, EV 98.1 MPH) Dave Hoeksema scores
|
|
Batting: RHB Andre Wood
|
0-0: Called Strike 0-1: Ball Passed Ball! Thomas Colburn to third 1-1: Ball 2-1: Foul Ball, location: 2F 2-2: Ball 3-2: Strikes out swinging
|
|
Batting: RHB Dennis Keating
|
0-0: Ball 1-0: Foul Ball, location: 2F 1-1: Ball 2-1: Foul Ball, location: 2F 2-2: Strikes out swinging
|
| Top of the 2nd over - 1 run, 1 hit, 1 error, 1 left on base; Bradenton 1 - Port Lavaca 0 |
| BOTTOM OF THE 2ND |
|
Port Lavaca Indians batting - Pitching for Bradenton Sox : RHP Mark Scheiwe
|
|
Batting: SHB John Rigos
|
0-0: Called Strike 0-1: Swinging Strike 0-2: Ball 1-2: Ball 2-2: Strikes out swinging
|
|
Batting: RHB Robbie Wine
|
0-0: Foul Ball, location: 2F 0-1: Foul Ball, location: 2F 0-2: Strikes out swinging
|
|
Batting: LHB Scott Loseke
|
0-0: Called Strike 0-1: Swinging Strike 0-2: Foul Ball, location: 2F 0-2: Ball 1-2: Ball 2-2: Ball 3-2: Ground out U3 (Groundball, 34, EV 85.0 MPH)
|
| Bottom of the 2nd over - 0 runs, 0 hits, 0 errors, 0 left on base; Bradenton 1 - Port Lavaca 0 |
| TOP OF THE 3RD |
|
Bradenton Sox batting - Pitching for Port Lavaca Indians : RHP Steven Yenser
|
|
Batting: RHB Robert Parr
|
0-0: Ball 1-0: Ball 2-0: Swinging Strike 2-1: Ball 3-1: Base on Balls
|
|
Batting: RHB Dave Coss
|
0-0: Ball 1-0: Ball 2-0: Swinging Strike 2-1: Foul Ball, location: 2F 2-2: Foul Ball, location: 2F 2-2: Strikes out looking
|
|
Batting: RHB Rene Gonzales
|
0-0: Foul Ball, location: 2F 0-1: Called Strike 0-2: Ball 1-2: Ball 2-2: Ball 3-2: Strikes out looking Robert Parr steals 2nd base Batter strikes out.
|
|
Batting: RHB Dennis Tiefenthaler
|
0-0: Ball 1-0: Ball 2-0: Called Strike 2-1: Ball 3-1: SINGLE (Line Drive, 9LS, EV 100.6 MPH) Robert Parr to third Runner from 3rd tries for Home, SAFE, throw by RF to home Dennis Tiefenthaler to second
|
|
Batting: RHB Dave Hoeksema
|
0-0: Ball 1-0: Called Strike 1-1: Swinging Strike 1-2: Foul Ball, location: 2F 1-2: Strikes out swinging
|
| Top of the 3rd over - 1 run, 1 hit, 0 errors, 1 left on base; Bradenton 2 - Port Lavaca 0 |
| BOTTOM OF THE 3RD |
|
Port Lavaca Indians batting - Pitching for Bradenton Sox : RHP Mark Scheiwe
|
|
Batting: RHB Robert Mills
|
0-0: Called Strike 0-1: Called Strike 0-2: Foul Ball, location: 2F 0-2: Fly out, F8 (Flyball, 8LM, EV 90.6 MPH)
|
|
Batting: LHB Jim Spring
|
0-0: Fly out, F7 (Flyball, 7S, EV 89.4 MPH)
|
|
Batting: RHB Jeffrey Rhodes
|
0-0: SINGLE (Line Drive, 78S, EV 94.4 MPH)
|
|
Batting: LHB William Tirado
|
0-0: Ball 1-0: Ball Jeffrey Rhodes steals 2nd base 2-0: Swinging Strike 2-1: Foul Ball, location: 2F 2-2: Ball Passed Ball! Jeffrey Rhodes to third 3-2: Base on Balls
|
|
Batting: LHB Antonio Huerta
|
0-0: Called Strike 0-1: Ball William Tirado is caught stealing 2nd base 2-6
|
| Bottom of the 3rd over - 0 runs, 1 hit, 0 errors, 1 left on base; Bradenton 2 - Port Lavaca 0 |
| TOP OF THE 4TH |
|
Bradenton Sox batting - Pitching for Port Lavaca Indians : RHP Steven Yenser
|
|
Batting: SHB Thomas Colburn
|
0-0: Ball 1-0: Called Strike 1-1: Called Strike 1-2: Ball 2-2: SINGLE (Groundball, 34S, EV 85.0 MPH) (infield hit)
|
|
Batting: RHB Jerry Nalley
|
0-0: Ball 1-0: Called Strike 1-1: Foul Ball, location: 2F 1-2: Ball 2-2: Foul Ball, location: 2F 2-2: Ball 3-2: Foul Ball, location: 2F 3-2: Foul Ball, location: 2F 3-2: DOUBLE (Flyball, 89XD, EV 98.8 MPH) Thomas Colburn to third Thomas Colburn scores
|
|
Batting: RHB Andre Wood
|
0-0: Called Strike 0-1: Ball 1-1: Foul Ball, location: 2F 1-2: Ball 2-2: Ground out 1-3 (Groundball, 34S, EV 60.6 MPH) Jerry Nalley to third
|
|
Batting: RHB Dennis Keating
|
0-0: Ball 1-0: Ball 2-0: Fly out, F9 (Flyball, 9LM, EV 91.3 MPH)
|
|
Batting: RHB Robert Parr
|
0-0: Called Strike 0-1: Swinging Strike 0-2: Strikes out swinging
|
| Top of the 4th over - 1 run, 2 hits, 0 errors, 1 left on base; Bradenton 3 - Port Lavaca 0 |
| BOTTOM OF THE 4TH |
|
Port Lavaca Indians batting - Pitching for Bradenton Sox : RHP Mark Scheiwe
|
|
Batting: LHB Antonio Huerta
|
0-0: Reached on error, E7 (Flyball, 7D, EV 106.3 MPH)
|
|
Batting: LHB Wally Joyner
|
0-0: Ball 1-0: Ball 2-0: Fly out, F8 (Line Drive, 8RD, EV 98.1 MPH)
|
|
Batting: SHB John Rigos
|
0-0: Ball 1-0: Ball 2-0: Ball 3-0: Called Strike 3-1: Foul Ball, location: 2F 3-2: Base on Balls Antonio Huerta to second
|
|
Batting: RHB Robbie Wine
|
0-0: Ball 1-0: Ball 2-0: Foul Ball, location: 2F 2-1: Foul Ball, location: 2F 2-2: Ball 3-2: Foul Ball, location: 2F 3-2: Foul Ball, location: 2F 3-2: Base on Balls Antonio Huerta to third John Rigos to second
|
|
Batting: LHB Scott Loseke
|
0-0: Swinging Strike 0-1: Fly out, F5 (Popup, 56S, EV 87.5 MPH)
|
|
Batting: RHB Robert Mills
|
0-0: Ball 1-0: Called Strike 1-1: DOUBLE (Flyball, 78D, EV 101.9 MPH) Antonio Huerta scores John Rigos scores Robbie Wine to third Runner from 3rd tries for Home, SAFE, throw by LF to home
|
|
Batting: LHB Jim Spring
|
0-0: Fly out, F5 (Popup, 5SF, EV 84.4 MPH)
|
| Bottom of the 4th over - 3 runs, 1 hit, 1 error, 1 left on base; Bradenton 3 - Port Lavaca 3 |
| TOP OF THE 5TH |
|
Bradenton Sox batting - Pitching for Port Lavaca Indians : RHP Steven Yenser
|
|
Batting: RHB Dave Coss
|
0-0: Ball 1-0: Foul Ball, location: 2F 1-1: Ball 2-1: Foul Ball, location: 2F 2-2: Strikes out swinging, 2-3 out at first.
|
|
Batting: RHB Rene Gonzales
|
0-0: Ball 1-0: Foul Ball, location: 2F 1-1: Swinging Strike 1-2: Ground out 6-3 (Groundball, 6, EV 106.9 MPH)
|
|
Batting: RHB Dennis Tiefenthaler
|
0-0: Swinging Strike 0-1: Ball 1-1: Foul Ball, location: 2F 1-2: Strikes out swinging
|
| Top of the 5th over - 0 runs, 0 hits, 0 errors, 0 left on base; Bradenton 3 - Port Lavaca 3 |
| BOTTOM OF THE 5TH |
|
Port Lavaca Indians batting - Pitching for Bradenton Sox : RHP Mark Scheiwe
|
|
Batting: RHB Jeffrey Rhodes
|
0-0: SINGLE (Line Drive, 34D, EV 104.4 MPH)
|
|
Batting: LHB William Tirado
|
0-0: Ball 1-0: Ball 2-0: Bunted foul 2-1: Bunted foul 2-2: 2-RUN HOME RUN (Flyball, 89XD, EV 104.4 MPH), Distance : 406 ft
|
|
Batting: LHB Antonio Huerta
|
0-0: Ball 1-0: Foul Ball, location: 2F 1-1: Called Strike 1-2: Ground out 2-3 (Groundball, 2L, EV 68.1 MPH)
|
|
Batting: LHB Wally Joyner
|
0-0: Ball 1-0: Called Strike 1-1: Ball 2-1: Fly out, F6 (Popup, 6, EV 60.6 MPH)
|
|
Batting: SHB John Rigos
|
0-0: Called Strike 0-1: Ball 1-1: Ball 2-1: Ground out 3-1 (Groundball, 34D, EV 105.0 MPH)
|
| Bottom of the 5th over - 2 runs, 2 hits, 0 errors, 0 left on base; Bradenton 3 - Port Lavaca 5 |
| TOP OF THE 6TH |
|
Bradenton Sox batting - Pitching for Port Lavaca Indians : RHP Steven Yenser
|
|
Batting: RHB Dave Hoeksema
|
0-0: Called Strike 0-1: Fly out, F5 (Popup, 5SF, EV 71.9 MPH)
|
|
Batting: SHB Thomas Colburn
|
0-0: Called Strike 0-1: Called Strike 0-2: Ball 1-2: Ball 2-2: Ground out 4-3 (Groundball, 4, EV 84.4 MPH)
|
|
Batting: RHB Jerry Nalley
|
0-0: Ball 1-0: SOLO HOME RUN (Flyball, 78XD, EV 105.6 MPH), Distance : 422 ft
|
|
Batting: RHB Andre Wood
|
0-0: Foul Ball, location: 2F 0-1: Ball 1-1: Ball 2-1: Ground out 5-3 (Groundball, 56S, EV 86.3 MPH)
|
| Top of the 6th over - 1 run, 1 hit, 0 errors, 0 left on base; Bradenton 4 - Port Lavaca 5 |
| BOTTOM OF THE 6TH |
|
Port Lavaca Indians batting - Pitching for Bradenton Sox : RHP Mark Scheiwe
|
|
Batting: RHB Robbie Wine
|
0-0: Called Strike 0-1: Ground out 5-3 (Groundball, 5, EV 83.8 MPH)
|
|
Batting: LHB Scott Loseke
|
0-0: Foul Ball, location: 2F 0-1: Foul Ball, location: 2F 0-2: Ball 1-2: Fly out, F8 (Line Drive, 8LD, EV 87.5 MPH)
|
|
Batting: RHB Robert Mills
|
0-0: Ball 1-0: Foul Ball, location: 2F 1-1: SINGLE (Groundball, P, EV 91.9 MPH) (infield hit)
|
|
Batting: LHB Jim Spring
|
0-0: Called Strike 0-1: Ball 1-1: Ball 2-1: Ground out 2-3 (Groundball, 15S, EV 70.0 MPH)
|
| Bottom of the 6th over - 0 runs, 1 hit, 0 errors, 1 left on base; Bradenton 4 - Port Lavaca 5 |
| TOP OF THE 7TH |
|
Bradenton Sox batting - Pitching for Port Lavaca Indians : RHP Steven Yenser
|
|
Batting: RHB Dennis Keating
|
0-0: Ball 1-0: Ball 2-0: Foul Ball, location: 2F 2-1: Called Strike 2-2: Strikes out looking
|
|
Batting: RHB Robert Parr
|
0-0: Fly out, F8 (Flyball, 8LXD, EV 98.1 MPH)
|
|
Batting: RHB Dave Coss
|
0-0: Ground out 5-3 (Groundball, 56, EV 80.6 MPH)
|
| Top of the 7th over - 0 runs, 0 hits, 0 errors, 0 left on base; Bradenton 4 - Port Lavaca 5 |
| BOTTOM OF THE 7TH |
|
Port Lavaca Indians batting - Pitching for Bradenton Sox : RHP Mark Scheiwe
|
|
Pitching: RHP Ronald Nero
|
|
|
Batting: RHB Jeffrey Rhodes
|
0-0: Ball 1-0: Ball 2-0: SINGLE (Line Drive, 8RS, EV 101.3 MPH)
|
|
Batting: LHB William Tirado
|
0-0: Sac Bunt to 23 - play at first, batter OUT! 3-4 Jeffrey Rhodes to second
|
|
Batting: LHB Antonio Huerta
|
0-0: Called Strike 0-1: Ball 1-1: Ground out 6-3 (Groundball, 6, EV 83.8 MPH) Jeffrey Rhodes to third
|
|
Batting: LHB Wally Joyner
|
0-0: Ball 1-0: Ground out U3 (Groundball, 3, EV 87.5 MPH)
|
| Bottom of the 7th over - 0 runs, 1 hit, 0 errors, 1 left on base; Bradenton 4 - Port Lavaca 5 |
| TOP OF THE 8TH |
|
Bradenton Sox batting - Pitching for Port Lavaca Indians : RHP Steven Yenser
|
|
Now in RF: Ralph Sheffield
|
|
|
Batting: RHB Rene Gonzales
|
0-0: Foul Ball, location: 2F 0-1: Ball 1-1: Foul Ball, location: 2F 1-2: Fly out, F7 (Line Drive, 7, EV 92.5 MPH)
|
|
Batting: RHB Dennis Tiefenthaler
|
0-0: SINGLE (Line Drive, 34, EV 106.3 MPH)
|
|
Batting: RHB Dave Hoeksema
|
0-0: Fly out, F6 (Popup, 6M, EV 75.6 MPH)
|
|
Batting: SHB Thomas Colburn
|
0-0: Ball 1-0: Called Strike 1-1: Ball 2-1: Ball 3-1: Fly out, F8 (Line Drive, 8RD, EV 91.9 MPH)
|
| Top of the 8th over - 0 runs, 1 hit, 0 errors, 1 left on base; Bradenton 4 - Port Lavaca 5 |
| BOTTOM OF THE 8TH |
|
Port Lavaca Indians batting - Pitching for Bradenton Sox : RHP Ronald Nero
|
|
Batting: SHB John Rigos
|
0-0: Ball 1-0: Called Strike 1-1: Foul Ball, location: 2F 1-2: Fly out, F3 (Line Drive, 3, EV 66.9 MPH)
|
|
Batting: RHB Robbie Wine
|
0-0: Foul Ball, location: 2F 0-1: Ball 1-1: Foul Ball, location: 2F 1-2: Strikes out swinging
|
|
Batting: LHB Scott Loseke
|
0-0: Called Strike 0-1: SOLO HOME RUN (Flyball, 9D, EV 93.1 MPH), Distance : 366 ft
|
|
Batting: RHB Robert Mills
|
0-0: SINGLE (Line Drive, 7S, EV 89.4 MPH)
|
|
Batting: LHB Jim Spring
|
0-0: Called Strike 0-1: Ball 1-1: Swinging Strike 1-2: Ball 2-2: Ball 3-2: Foul Ball, location: 2F 3-2: Foul Ball, location: 2F 3-2: Fly out, F4 (Popup, 4M, EV 74.4 MPH)
|
| Bottom of the 8th over - 1 run, 2 hits, 0 errors, 1 left on base; Bradenton 4 - Port Lavaca 6 |
| TOP OF THE 9TH |
|
Bradenton Sox batting - Pitching for Port Lavaca Indians : RHP Steven Yenser
|
|
Pitching: RHP David Lesch
|
|
|
Batting: RHB Jerry Nalley
|
0-0: Ball 1-0: Ball 2-0: Fly out, F8 (Flyball, 8RM, EV 90.0 MPH)
|
|
Batting: RHB Andre Wood
|
0-0: Called Strike 0-1: Ball 1-1: SINGLE (Groundball, 56D, EV 98.8 MPH)
|
|
Pinch Hitting: RHB William Murray
|
0-0: Ball 1-0: Called Strike 1-1: Ball 2-1: Foul Ball, location: 2F 2-2: Strikes out swinging
|
|
Batting: RHB Robert Parr
|
0-0: Swinging Strike 0-1: Foul Ball, location: 2F 0-2: DOUBLE (Line Drive, 9LM, EV 95.0 MPH) Andre Wood to third
|
|
Batting: RHB Dave Coss
|
0-0: Ball 1-0: Called Strike 1-1: Called Strike 1-2: Ball 2-2: Ball 3-2: Foul Ball, location: 2F 3-2: Fly out, F9 (Flyball, 9LS, EV 84.4 MPH)
|
| Top of the 9th over - 0 runs, 2 hits, 0 errors, 2 left on base; Bradenton 4 - Port Lavaca 6 |
|